 Dungeon Crawl Stone Soup version 0.22-a0-587-g7d32d7c (webtiles) character file.

178 sking99 the Chopper (level 5, -1/48 HPs)
             Began as a Hill Orc Fighter on July 4, 2018.
             Was an Initiate of Beogh.
             Slain by an orc
             ... wielding a +0 war axe
              (4 damage)
             ... on level 3 of the Dungeon.
             The game lasted 00:04:26 (2518 turns).

sking99 the Chopper (Hill Orc Fighter)              Turns: 2518, Time: 00:04:27

Health: -1/48      AC: 12    Str: 19    XL:     5   Next: 58%
Magic:  5/5        EV:  3    Int:  8    God:    Beogh [......]
Gold:   118        SH:  9    Dex: 11    Spells: 4/4 levels left

rFire    . . .     SeeInvis .   a - +0 war axe
rCold    . . .     Gourm    .   c - +0 shield
rNeg     . . .     Faith    .   y - +0 plate armour
rPois    .         Spirit   .   (no helmet)
rElec    .         Reflect  .   (no cloak)
rCorr    .         Harm     .   z - +0 pair of gloves
MR       .....                  (no boots)
Stlth    ..........             (no amulet)
HPRegen  0.16/turn              (no ring)
MPRegen  0.09/turn              (no ring)

@: lethally poisoned (-1 -> -2)
A: no striking features
a: Renounce Religion


You were on level 3 of the Dungeon.
You worshipped Beogh.
Beogh was noncommittal.
You were not hungry.

You visited 1 branch of the dungeon, and saw 3 of its levels.

You collected 118 gold pieces.

Inventory:

Hand Weapons
 a - a +0 war axe (weapon)
Armour
 c - a +0 shield (worn)
 g - a +1 pair of boots
 i - a +2 helmet
 y - a +0 plate armour (worn)
 z - a +0 pair of gloves (worn)
Jewellery
 b - an uncursed ring of wizardry {unknown}
 A - an uncursed amulet of the acrobat {unknown}
Scrolls
 h - 2 scrolls of enchant weapon {unknown}
 j - 2 scrolls of teleportation {unknown}
 k - a scroll of random uselessness {unknown}
 n - 3 scrolls of enchant armour {unknown}
 o - a scroll of fear {unknown}
 p - 2 scrolls of fog {unknown}
 r - a scroll of immolation {unknown}
 s - 2 scrolls of remove curse {unknown}
 u - a scroll of amnesia {unknown}
Potions
 d - 3 potions of might
 e - a potion of resistance {unknown}
 l - a potion of invisibility {unknown}
 m - a potion of curing
 q - a potion of magic {unknown}
 t - a potion of haste {unknown}
 v - 2 potions of heal wounds {unknown}
 w - a potion of degeneration {unknown}
 x - a potion of brilliance {unknown}
Comestibles
 f - 3 rations


   Skills:
 + Level 5.0 Fighting
 * Level 6.2 Axes
 - Level 3.2 Armour
 - Level 3.2 Shields
 + Level 0.8 Invocations


You had 4 spell levels left.
You didn't know any spells.
Your spell library was empty.

Dungeon Overview and Level Annotations

Branches:
Dungeon (3/15)

Altars:
Trog
The Shining One


Message History

The orc wizard flickers and vanishes!
Deactivating autopickup; reactivate with Ctrl-A.
Your shield and plate armour prevent you from hitting the orc.
You miss something.
You feel sick. The orc hits you but does no damage.
Something completely misses you. You block the orc's attack.
You slash the orc!
You kill the orc!
Beogh accepts your kill.
You miss something. Something hits you but does no damage.
Your shield and plate armour prevent you from hitting the orc.
You miss something. The orc hits you with a war axe.
* * * LOW HITPOINT WARNING * * *
Something hits you.
* * * LOW HITPOINT WARNING * * *
You block something's attack.
You hit the orc but do no damage. You miss something.
You feel sick. The orc hits you but does no damage.
Something hits you but does no damage. The orc hits you with a war axe.
You die...
Beogh appreciates the orc's killing of a heretic priest.

..... #########..##.#.##..###
..... #..........##.#.##(.###
......##....####..##.#...(....
......#.#.................).##
....(..........#..########))#
#...%..†..........# ###(.##
#.####.........#..# ##......
##.#...##{...#####.....##
##....o@).........#...##
##...##.###.####.[.#.##
##.###.# .# ##.##.##
#)###.###.# ##.##.##
###.........# #...#.##
#.......########...#.##
##.#..#########.......##
#####.<...# #o...o÷.......#
........)..###)#####.......#


You could see an orc.

Vanquished Creatures
  A jelly (D:3)
  Jessica (D:2)
  An orc wizard (D:3)
  3 adders
  An ooze (D:3)
  2 dart slugs
  6 leopard geckos
  5 orcs
  9 bats
  3 giant cockroaches (D:1)
  6 goblins
  6 hobgoblins
  3 jackals (D:3)
  4 kobolds (D:3)
  5 quokkas
  2 frilled lizards
  6 rats
64 creatures vanquished.

Vanquished Creatures (others)
  An orc priest (D:3)
  2 orcs (D:3)
  A goblin (D:3)
  2 hobgoblins (D:3)
  A kobold (D:3)
7 creatures vanquished.

Grand Total: 71 creatures vanquished

Notes
Turn   | Place    | Note
-------+----------+-------------------------------------------
     0 | D:1      | sking99 the Hill Orc Fighter began the quest for the Orb.
     0 | D:1      | Reached XP level 1. HP: 19/19 MP: 1/1
     5 | D:1      | Reached skill level 3 in Axes
    13 | D:1      | Reached XP level 2. HP: 16/27 MP: 2/2
   436 | D:1      | Reached skill level 4 in Axes
   706 | D:2      | Reached XP level 3. HP: 33/33 MP: 3/3
   890 | D:2      | Found a bloodstained altar of Trog.
  1586 | D:2      | Noticed Jessica
  1592 | D:2      | Killed Jessica
  1592 | D:2      | Reached skill level 5 in Axes
  1592 | D:2      | Reached XP level 4. HP: 41/41 MP: 4/4
  1839 | D:3      | Found a bloodstained altar of Trog.
  2059 | D:3      | Became a worshipper of Beogh the Brigand
  2084 | D:3      | Reached XP level 5. HP: 28/47 MP: 5/5
  2091 | D:3      | Reached skill level 6 in Axes
  2338 | D:3      | Found a glowing golden altar of the Shining One.
  2455 | D:3      | Reached skill level 5 in Fighting
  2518 | D:3      | Slain by an orc

Vault maps used:
D:1:      scummos_arrival_forest
D:2:      grunt_decor_one_mirror, minmay_misc_feat_more_columns,
          minmay_misc_feat_doors, trog_butcher_becter, uniq_jessica
D:3:      lemuel_doored_altar, nicolae_tso_swordbearing_angel, first_ration,
          uniq_terence

Skill      XL: |  1  2  3  4  5 |
---------------+----------------+-----
Axes           | 3 4 5 6 |  6.2
Fighting       | 4 5 |  5.0
Armour         | |  3.2
Shields        | |  3.2
Invocations    | |  0.8

Action                   |  1- 3 |  4- 6 || total
-------------------------+-------+-------++-------
Melee: War axe           |   121 |   107 ||   228
Invok: Convert to Beogh  |       |     1 ||     1
  Use: Potion            |       |     1 ||     1
  Eat: Chunk             |     1 |     1 ||     2
       Ration            |       |     1 ||     1
Armor: Scale mail        |    40 |       ||    40
       Plate armour      |    33 |    96 ||   129
Dodge: Dodged            |    26 |    17 ||    43
Block: Shield            |    74 |    63 ||   137

Table legend:
 A = Spawn XP
 B = Non-spawn XP
 C = Spawn XP percentage of total XP
 D = Spawn monster count
 E = Non-spawn monster count
 F = Spawn count percentage of total count
 G = Total turns spent on level
                    A         B        C        D         E        F      G
               +---------+---------+-------+---------+---------+-------+---------
         Total |       0 |     255 |   0.0 |       0 |      64 |   0.0 |  2518
               +---------+---------+-------+---------+---------+-------+---------
           D:1 |       0 |      32 |   0.0 |       0 |      16 |   0.0 |   587
           D:2 |       0 |      81 |   0.0 |       0 |      18 |   0.0 |  1177
           D:3 |       0 |     142 |   0.0 |       0 |      30 |   0.0 |   754
               +---------+---------+-------+---------+---------+-------+---------
